 Dungeon Crawl Stone Soup version 0.18.1-8-gdd0e5ea (webtiles) character file.

244 Gargoyl the Skirmisher (level 5, 0/37 HPs)
             Began as a Demonspawn Abyssal Knight on June 4, 2016.
             Was a Priest of Lugonu.
             Slain by a hound (4 damage)
             ... on level 4 of the Dungeon.
             The game lasted 00:06:27 (3337 turns).

Gargoyl the Skirmisher (Demonspawn Abyssal Knight)  Turns: 3337, Time: 00:06:28

Health: 0/37       AC: 15    Str: 13    XL:     5   Next: 83%
Magic:  2/6        EV:  0    Int: 14    God:    Lugonu [***...]
Gold:   160        SH: 11    Dex: 14    Spells: 0 memorised, 4 levels left

rFire  + . .     SeeInvis .     a - +1 hand axe
rCold  . . .     Gourm    .     i - +0 plate armour (curse)
rNeg   . . .     Faith    .     q - +0 large shield
rPois  .         Spirit   .     (no helmet)
rElec  .         Dismiss  .     j - +0 cloak
rCorr  .         Reflect  .     (no gloves)
SustAt .         Harm     .     (no boots)
MR     .....                    (no amulet)
Stlth  ..........               f - ring of protection from fire
                                d - +2 ring of dexterity

@: lethally poisoned (0 -> -6), not resistant to hostile enchantments, extremely
unstealthy
A: talons 2, thin metallic scales 2, deterioration 1, frail 1, sense
surroundings 1
a: Depart the Abyss, Bend Space, Banish, Renounce Religion


You were on level 4 of the Dungeon.
You worshipped Lugonu.
Lugonu was most pleased with you.
You were hungry.

You visited 1 branch of the dungeon, and saw 4 of its levels.
You visited the Abyss 1 time.

You collected 160 gold pieces.

Inventory:

Hand Weapons
 a - a +1 hand axe (weapon)
 o - a +0 flail
Armour
 i - a cursed +0 plate armour (worn)
 j - a +0 cloak (worn)
 q - a +0 large shield (worn)
Jewellery
 d - a +2 ring of dexterity (left hand)
 f - a ring of protection from fire (right hand)
 n - an uncursed ring of fire {unknown}
Wands
 e - a wand of paralysis (9/24)
 g - a wand of polymorph (17/24)
Potions
 b - a potion of brilliance
Miscellaneous
 h - a legendary deck of wonders
Comestibles
 c - 3 bread rations
 m - 2 meat rations
 p - a chunk of flesh


   Skills:
 + Level 4.2 Fighting
 + Level 3.0 Axes
 * Level 3.2 Armour
 + Level 1.9 Dodging
 + Level 0.6 Stealth
 + Level 1.3 Shields
 + Level 2.4 Invocations


You had 4 spell levels left.
You didn't know any spells.

Dungeon Overview and Level Annotations

Branches:
Dungeon (4/15)
 Temple: D:4-7

Altars:
Elyvilon
Fedhas
Kikubaaqudgha
Pakellas


Innate Abilities, Weirdness & Mutations

You have razor-sharp toenails.
You are mostly covered in thin metallic scales (AC +3).
Your body sometimes deteriorates upon taking damage.
You are frail (-10% HP).
You passively map a small area around you.


Message History

The hound is moderately wounded.
* * * LOW HITPOINT WARNING * * *
You feel sick. The hound bites you but does no damage. The hound bites you.
* * * LOW HITPOINT WARNING * * *
Your shield and plate armour prevent you from hitting the hound.
The hound is moderately wounded.
* * * LOW HITPOINT WARNING * * *
You feel sick. You block the hound's attack.
The hound bites you but does no damage.
Unknown command.
You hit the hound.
The hound is severely wounded.
You block the hound's attack. The hound bites you but does no damage.
Unknown command.
Your plate armour prevents you from hitting the hound.
You claw the hound, but do no damage.
The hound is severely wounded.
* * * LOW HITPOINT WARNING * * *
You feel sick. The hound bites you but does no damage. The hound bites you.
You die...

** ,
##..........## ,
#..........$.###
,
................
................
................
,,
.......$?.....##
*
......§.........
, #.....§@h....#
##......<....#
###########....
* .. * *, , * ,
,, ,


You could see a hound.

Vanquished Creatures
  An orc priest (D:3)
  A giant frog skeleton (D:3)
  Jessica (D:3)
  6 adders
  4 giant geckos
  10 orcs
  A ball python (D:3)
  11 bats
  5 giant cockroaches
  6 goblins
  10 hobgoblins
  6 jackals
  4 kobolds
  A giant cockroach zombie (D:3)
  3 giant newts
  16 rats
86 creatures vanquished.

Vanquished Creatures (others)
  An adder (D:4)
1 creature vanquished.

Grand Total: 87 creatures vanquished

Notes
Turn   | Place    | Note
--------------------------------------------------------------
     0 | Abyss:1  | Gargoyl the Demonspawn Abyssal Knight began the quest for the Orb.
     0 | Abyss:1  | Reached XP level 1. HP: 18/18 MP: 2/2
   101 | Abyss:2  | Noticed an orb spider
   105 | D:1      | Escaped the Abyss
   211 | D:1      | Reached * piety under Lugonu
   479 | D:1      | Gained mutation: You are partially covered in thin metallic scales (AC +2). [demonic ancestry]
   479 | D:1      | Reached XP level 2. HP: 23/24 MP: 3/3
   759 | D:1      | Reached skill level 1 in Dodging
  1094 | D:1      | Gained mutation: You have sharp toenails. [demonic ancestry]
  1094 | D:1      | Reached XP level 3. HP: 25/30 MP: 4/4
  1307 | D:1      | Reached ** piety under Lugonu
  1401 | D:2      | Found an oddly glowing altar of Pakellas.
  1707 | D:2      | Reached skill level 4 in Fighting
  1722 | D:2      | Found a white marble altar of Elyvilon.
  1801 | D:2      | Gained mutation: You have razor-sharp toenails. [demonic ancestry]
  1801 | D:2      | Reached XP level 4. HP: 21/37 MP: 5/5
  2163 | D:3      | Noticed Jessica
  2176 | D:3      | Killed Jessica
  2293 | D:3      | Reached *** piety under Lugonu
  2397 | D:3      | Gained mutation: You are mostly covered in thin metallic scales (AC +3). [demonic ancestry]
  2397 | D:3      | Reached XP level 5. HP: 15/42 MP: 6/6
  2824 | D:3      | Found an ancient bone altar of Kikubaaqudgha.
  2826 | D:3      | Found a blossoming altar of Fedhas.
  3316 | D:4      | Reached skill level 1 in Shields
  3332 | D:4      | Gained mutation: Your body sometimes deteriorates upon taking damage. [potion of mutation]
  3332 | D:4      | Gained mutation: You passively map a small area around you. [potion of mutation]
  3332 | D:4      | Gained mutation: You are frail (-10% HP). [potion of mutation]
  3337 | D:4      | Slain by a hound

Skill      XL: |  1  2  3  4  5 |
---------------+----------------+-----
Armour         | 2 3 |  3.2
Dodging        | 1 |  1.9
Axes           | 2 3 |  3.0
Fighting       | 4 |  4.2
Shields        | 1 |  1.3
Stealth        | |  0.6
Invocations    | |  2.4

Action                   |  1- 3 |  4- 6 || total
-------------------------+-------+-------++-------
Melee: Hand axe          |   138 |   165 ||   303
       Kick              |    12 |    43 ||    55
Invok: Depart the Abyss  |     1 |       ||     1
       Banish            |       |     1 ||     1
  Use: Scroll            |     1 |     1 ||     2
       Potion            |       |     4 ||     4
 Stab: Sleeping          |     1 |       ||     1
  Eat: Chunk             |     3 |     5 ||     8
Armor: Leather armour    |    40 |       ||    40
       Plate armour      |    63 |   167 ||   230
Dodge: Dodged            |    76 |    16 ||    92
Block: Large shield      |       |   101 ||   101
